 Dungeon Crawl Stone Soup version 0.31-a0-354-g827e0957a7 (webtiles) character file.

Game seed: 888366677343516836

23 LeprechaunX the Ruffian (level 2, -4/18 HPs)
             Began as an Octopode Shapeshifter on July 24, 2023.
             Slain by a worm (11 damage)
             ... on level 2 of the Dungeon.
             The game lasted 00:00:20 (124 turns).

LeprechaunX the Ruffian (Octopode Shapeshifter)      Turns: 124, Time: 00:00:20

Health: -4/18      AC:  1    Str: 14    XL:     2   Next: 95%
Magic:  2/2        EV: 13    Int: 10    God:
Gold:   41         SH:  0    Dex: 12    Spells: 1/1 levels left

rFire   . .          .
                       - Unarmed
rCold   . . .        (no shield)
rNeg    . . .        (helmet currently unavailable)
rPois   .            (no amulet)
rElec   .            (no ring)
rCorr   .            (no ring)
SInv    .            (no ring)
Will    .....        (no ring)
Stlth   ++           (no ring)
HPRegen 0.23/turn    (no ring)
MPRegen 0.08/turn    (no ring)
                     (no ring)

%: no passive effects
@: beast-form
A: beast (slay +2), almost no armour, amphibious, 8 rings, camouflage 1,
gelatinous body 1, (nimble swimmer 1), tentacles
a: Begin Untransformation


You were on level 2 of the Dungeon.
You were a hulking beast.
You visited 1 branch of the dungeon, and saw 2 of its levels.

You collected 41 gold pieces.

Inventory:

Talismans
 b - a beast talisman
Scrolls
 c - a scroll of amnesia {unknown}
Potions
 a - a potion of lignification


   Skills:
 + Level 1.4 Fighting
 + Level 2.3 Dodging
 * Level 3.4 Unarmed Combat
 + Level 3.1 Shapeshifting


You had one spell level left.
You didn't know any spells.
Your spell library was empty.

Dungeon Overview and Level Annotations

Branches:
Dungeon (2/15)

Altars:


Innate Abilities, Weirdness & Mutations

You are a hulking beast.
Your limbs bulge with bestial killing power. (Slay +2)
You cannot wear most types of armour.
You are amphibious.
You can wear up to eight rings at the same time.
Your skin changes colour to match your surroundings (Stealth+).
Your rubbery body absorbs attacks. (AC +1, EV +1)
((You are camouflaged when in or above water. (Stealth+)))
You have tentacles for arms and can constrict up to eight enemies at once.


Message History

You are too injured to fight recklessly!
You are too injured to fight recklessly!
You are too injured to fight recklessly!
You are too injured to fight recklessly!
You are too injured to fight recklessly!
You are too injured to fight recklessly!
You are too injured to fight recklessly!
You are too injured to fight recklessly!
You are too injured to fight recklessly!
You are too injured to fight recklessly!
You are too injured to fight recklessly!
You are too injured to fight recklessly!
Unknown command.
You release your grip on the adder.
You feel sick.
The kobold throws a stone.
The stone hits you but does no damage. The adder attacks as you move away!
The adder bites you.
You feel sick. The bat closely misses you.
You see here a worm corpse.
You feel sick.
You are no longer poisoned.
The bat misses you. The adder misses you.
You miss the adder. You grab the adder. You squeeze the adder.
You kill the adder!
The bat closely misses you.
You swing at nothing.
The bat barely misses you.
You barely miss the bat. You grab the bat. You constrict the bat.
The bat barely misses you.
You tentacle-slap the bat.
You kill the bat!
The kobold throws a stone.
The stone hits you.
You swing at nothing.
You tentacle-slap the kobold.
You kill the kobold!
You bludgeon the worm! Your grab misses the worm. Your squeeze misses the worm.
The worm is moderately wounded.
You tentacle-slap the worm. You grab the worm.
The worm is severely wounded.
You constrict the worm. The worm bites you!
Ouch! That really hurt!
You die...

.....##.### .......
..........####.......
.#.####..............
#...............
##.#.....(.......
#........<.#......
#.#.#.............
.....######.###### #
...... #..h######.#
.... #...#w#.......
... #...###w........
....# #......... ....
#..<...... ...
#......... ##
..........
##.$.......
#...>.....


You could see a worm and a dart slug.

Vanquished Creatures
  An adder (D:2)
  A worm (D:2)
  A dart slug (D:1)
  4 bats
  A giant cockroach (D:2)
  A kobold (D:2)
  A rat (D:1)
10 creatures vanquished.

Notes
Turn   | Place    | Note
-------+----------+-------------------------------------------
     0 | D:1      | LeprechaunX the Octopode Shapeshifter began the quest for
                  | the Orb.
     0 | D:1      | Reached XP level 1. HP: 13/13 MP: 1/1
    68 | D:1      | Reached XP level 2. HP: 18/18 MP: 2/2
    68 | D:1      | You fall into a shaft and drop 1 floor!
   124 | D:2      | Slain by a worm

Illustrated notes

Levels and vault maps discovered:
D:1:      dpeg_arrival_shelter, layout_rooms, dreamdust_ecumenical_altar_grove,
          lexackson_kobold_supper
D:2:      layout_rooms, uniq_crazy_yiuf_cottage

Action                     || total
---------------------------++-------
  Melee: Unarmed           ||    20
         Constrict         ||     7
         Tentacles         ||     4
 Armour: Skin              ||     2
  Dodge: Dodged            ||    27

Table legend: (Time is in decaauts)
 A = Elapsed time spent in this place.
 B = Non-inter-level travel time spent in this place.
 C = Inter-level travel time spent in this place.
 D = Time resting spent in this place.
 E = Time spent auto-exploring this place.
 F = Levels seen in this place.
 G = Mean time per level.
                   A        B        C        D        E       F      G
               +--------+--------+--------+--------+--------+-----+--------+
         Total |    122 |    122 |      0 |      0 |     58 |   2 |   61.0 |
       Dungeon |    122 |    122 |      0 |      0 |     58 |   2 |   61.0 |
               +--------+--------+--------+--------+--------+-----+--------+

Top non-repeatable levels by time:
     D:1: 67 daAuts
     D:2: 55 daAuts
